 Dungeon Crawl Stone Soup version 0.30.1-3-gfc49f6343a (webtiles) character file.

Game seed: 6153326012529803931

188 spardeous the Conjurer (level 5, -2/38 HPs)
             Began as a Demigod Conjurer on July 28, 2023.
             Slain by a river rat (3 damage)
             ... in a sewer.
             The game lasted 00:05:53 (3185 turns).

spardeous the Conjurer (Demigod Conjurer)           Turns: 3185, Time: 00:05:54

Health: -2/38      AC:  2    Str:  8    XL:     5   Next: 16%
Magic:  0/13       EV: 12    Int: 24    God:
Gold:   115        SH:  0    Dex: 12    Spells: 8/11 levels left

rFire   . . .        c - +0 dagger
rCold   . . .        (no shield)
rNeg    . . .        a - +0 robe
rPois   .            o - +0 hat
rElec   .            d - scarf {harm}
rCorr   .            (no gloves)
SInv    .            (no boots)
Will    .....        (no amulet)
Stlth   ++           (no ring)
HPRegen 0.26/turn    (no ring)
MPRegen 0.13/turn

%: harm (+30% outgoing, +20% incoming)
@: brilliant
A: high MP 1, forlorn, divine attributes
a: no special abilities


You were in a sewer.
You visited 1 branch of the dungeon, and saw 3 of its levels.
You also visited: Sewer.

You collected 115 gold pieces.

Inventory:

Hand Weapons
 c - a +0 dagger (weapon)
Armour
 a - a +0 robe (worn)
 d - a scarf of harm (worn)
 e - a +0 scale mail
 o - a +0 hat (worn)
 q - a +0 leather armour
Scrolls
 f - 3 scrolls of teleportation {unknown}
 h - 4 scrolls of identify {unknown}
 k - a scroll of poison {unknown}
 l - 2 scrolls of enchant weapon {unknown}
 p - a scroll of noise {unknown}
Potions
 b - a potion of magic
 g - a potion of brilliance
 i - a potion of haste {unknown}
 j - a potion of ambrosia {unknown}
 m - 2 potions of heal wounds {unknown}
 n - 2 potions of degeneration {unknown}
 r - 4 potions of flight


   Skills:
 - Level 1.7 Dodging
 - Level 1.7 Stealth
 + Level 3.5 Spellcasting
 - Level 5.0 Conjurations


You had 8 spell levels left.
You knew the following spells:

 Your Spells              Type           Power      Damage    Failure   Level
a - Magic Dart            Conj           100%       1d8       1%          1
b - Searing Ray           Conj           84%        2d7       1%          2

Your spell library contained the following spells:

 Spells                   Type           Power      Damage    Failure   Level
 Dazzling Flash           Conj/Hex       48%        N/A       11%         3
 Fulminant Prism          Conj/Hex       12%        3d9       34%         4
 Iskenderun's Mystic Bla  Conj/Tloc      24%        2d7       34%         4


Dungeon Overview and Level Annotations

Branches:
Dungeon (3/15)              Sewer (1/1)


Innate Abilities, Weirdness & Mutations

You have an increased reservoir of magic. (+10% MP)
You shall have no god before yourself.
Your divine heritage dramatically boosts your attributes as you level up.


Message History

Press: ? - help, Shift-Dir - straight line, f/p - river rat
Aim: a river rat (100% to hit)
The magic dart hits the river rat but does no damage.
The river rat bites you.
* * * LOW HITPOINT WARNING * * *
A river rat is nearby!
Casting: Magic Dart (safe; 1% risk of failure)
Confirm with . or Enter, or press ? or * to list all spells.
Aiming: Magic Dart (safe; 1% risk of failure)
Press: ? - help, Shift-Dir - straight line, f/p - river rat
Aim: a river rat (100% to hit)
The magic dart hits the river rat but does no damage.
The river rat closely misses you.
A river rat is nearby!
Casting: Magic Dart (safe; 1% risk of failure)
Confirm with . or Enter, or press ? or * to list all spells.
Aiming: Magic Dart (safe; 1% risk of failure)
Press: ? - help, Shift-Dir - straight line, f/p - river rat
Aim: a river rat (100% to hit)
The magic dart hits the river rat but does no damage.
The river rat bites you.
* * * LOW HITPOINT WARNING * * *
You take 14 damage, and have 9/38 hp.
MASSIVE DAMAGE!!
You now have 1/13 mp.
Casting: Magic Dart (safe; 1% risk of failure)
Confirm with . or Enter, or press ? or * to list all spells.
You don't have enough magic to cast this spell.
Casting: Magic Dart (safe; 1% risk of failure)
Confirm with . or Enter, or press ? or * to list all spells.
Aiming: Magic Dart (safe; 1% risk of failure)
Press: ? - help, Shift-Dir - straight line, f/p - river rat
Aim: a river rat (100% to hit)
The magic dart hits the river rat.
The river rat is heavily wounded.
The river rat bites you!
* * * LOW HITPOINT WARNING * * *
You take 8 damage, and have 1/38 hp.
MASSIVE DAMAGE!!
You now have 0/13 mp.
It was a potion of brilliance.
You feel clever all of a sudden. The river rat bites you.
You die...

#~≈.≈≈ #~≈~~ #~≈~# #.≈~# ######
#.≈~# #....#
#~≈~#####†'#####++#####
#.~~~~...............∩#
#.~~~.~........†@....∩# #~≈.#
#~≈~#####''#####r†##### #.≈~#
#~≈~# #....# ....# #~≈~# #†≈~#
###### ###### #~≈~#
#~≈~#######################~≈~###
≈~≈~~..~.~~~~~~~~.~.~~~.~.~~~~~.~
≈~≈≈≈≈≈≈≈≈≈≈≈≈≈≈≈≈≈≈≈≈≈≈≈≈≈≈≈≈≈≈≈
≈~~~.~~.~..~~~~~.~~~..~.†~~†~~.~~
#################################


You could see a river rat.

Vanquished Creatures
  An orc wizard (D:3)
  6 adders
  3 river rats (Sewer)
  A dart slug (D:2)
  3 orcs (D:3)
  3 ball pythons
  5 bats
  10 endoplasms
  9 giant cockroaches
  9 hobgoblins
  4 jackals
  5 quokkas
  3 frilled lizards
  4 kobolds
  4 rats
70 creatures vanquished.

Notes
Turn   | Place    | Note
-------+----------+-------------------------------------------
     0 | D:1      | spardeous the Demigod Conjurer began the quest for the Orb.
     0 | D:1      | Reached XP level 1. HP: 14/14 MP: 5/5
   296 | D:1      | Reached skill level 4 in Conjurations
   440 | D:1      | Reached XP level 2. HP: 20/20 MP: 4/7
  1349 | D:2      | Reached XP level 3. HP: 26/26 MP: 2/8
  1827 | D:2      | Reached skill level 5 in Conjurations
  1927 | D:2      | Learned a level 2 spell: Searing Ray
  2469 | D:3      | Reached XP level 4. HP: 17/33 MP: 0/10
  2667 | D:3      | Found a glowing drain.
  2683 | Sewer    | Entered a sewer
  3176 | Sewer    | Reached XP level 5. HP: 33/38 MP: 10/13
  3184 | Sewer    | HP: 1/38 [river rat (9)]
  3185 | Sewer    | Slain by a river rat

Illustrated notes

Levels and vault maps discovered:
D:1:      wander_arrival_fairy_ring, layout_basic, serial_curves,
          eino_curves_04, eino_curves_03, eino_curves_04
D:2:      layout_loops_cross, serial_forest, infiniplex_forest_straight_4,
          infiniplex_forest_lined_corner, infiniplex_forest_lined_room_2,
          infiniplex_forest_lined_3_way, infiniplex_forest_straight_2,
          infiniplex_forest_lined_2, infiniplex_forest_clump_double,
          basic_altar, shapermc_ecumenical_altar_notcrosses
D:3:      minmay_razor_zed, layout_basic, gup_sewer_entry_pipe, uniq_natasha
Sewer:    sewer_fruit_machine

Skill      XL: |  1  2  3  4 |
---------------+-------------+-----
Conjurations   | 4 5 |  5.0
Spellcasting   | 2 3 |  3.5
Dodging        | |  1.7
Stealth        | |  1.7

Action                     |  1- 3 |  4- 6 || total
---------------------------+-------+-------++-------
  Melee: Dagger            |    16 |       ||    16
         Unarmed           |     1 |       ||     1
         Punch             |     1 |       ||     1
   Cast: Magic Dart        |    91 |    55 ||   146
         Searing Ray       |     1 |     5 ||     6
    Use: Potion            |       |     1 ||     1
 Armour: Robe              |     4 |     1 ||     5
  Dodge: Dodged            |    22 |    18 ||    40
